 Dungeon Crawl Stone Soup version 0.18-a0-1692-g516f9e9 (webtiles) character file.

324 Eucla the Insei (level 6, 0/56 HPs)
             Began as a Naga Monk on Apr 5, 2016.
             Slain by a gnoll
             ... wielding a +0 spear
              (7 damage)
             ... on level 4 of the Dungeon.
             The game lasted 00:04:40 (3421 turns).

Eucla the Insei (Naga Monk)                         Turns: 3421, Time: 00:04:40

Health: 0/56       AC:  5    Str: 11 (14) XL:     6   Next: 48%
Magic:  6/6        EV: 10    Int:  9 (10) God:
Gold:   55         SH:  0    Dex: 12 (15) Spells: 0 memorised, 5 levels left

rFire  + . .     SeeInvis +       - Unarmed
rCold  + . .     Gourm    .     k - +0 leather armour
rNeg   . . .     Faith    .     (no shield)
rPois  +         Spirit   .     c - +0 helmet
rElec  +         Dismiss  .     (no cloak)
rCorr  +         Reflect  .     s - +0 pair of gloves
SustAt .         Harm     .     (no barding)
MR     .....                    n - amulet of regeneration
Stlth  ++........               (no ring)
                                e - ring of resist corrosion

@: resistant, very slow, not resistant to hostile enchantments, unstealthy
A: see invisible, deformed body, poison resistance, slowness 2, slow metabolism
1, spit poison 2, AC +2
a: Spit Poison


You were on level 4 of the Dungeon.
You were hungry.

You visited 1 branch of the dungeon, and saw 4 of its levels.

You collected 55 gold pieces.

Inventory:

Armour
 a - a +0 robe
 c - a +0 helmet (worn)
 k - a +0 leather armour (worn)
 s - a +0 pair of gloves (worn)
Jewellery
 e - a ring of resist corrosion (left hand)
 j - an uncursed amulet of guardian spirit
 n - an amulet of regeneration (around neck)
 r - an uncursed amulet of faith {unknown}
 t - a +4 ring of evasion {unknown}
Scrolls
 f - 2 scrolls of enchant armour {unknown}
 h - a scroll of amnesia {unknown}
 i - a scroll of recharging {unknown}
 l - 2 scrolls of fog {unknown}
 m - a scroll of enchant weapon {unknown}
 o - a scroll of identify {unknown}
Potions
 d - 2 potions of cancellation
Comestibles
 b - 4 bread rations
 q - a meat ration


   Skills:
 - Level 3.0 Fighting
 - Level 2.4 Dodging
 - Level 3.0 Stealth
 + Level 7.6 Unarmed Combat


You had 5 spell levels left.
You didn't know any spells.

Dungeon Overview and Level Annotations

Branches:
Dungeon (4/15)
 Temple: D:4-7

Altars:

Annotations:
D:2 Natasha


Innate Abilities, Weirdness & Mutations

You cannot wear boots.
Your serpentine skin is tough (AC +2).
You have supernaturally acute eyesight.
Armour fits poorly on your strangely shaped body.
Your system is resistant to poisons.
You cover ground very slowly.
You have a slow metabolism.
You can spit poison.


Message History

You kill the gnoll!
The gnoll hits you from afar with a spear.
* * * LOW HITPOINT WARNING * * *
Unknown command.
The gnoll misses you. The gnoll barely misses you.
You see here a gnoll corpse.
Unknown command.
You hit the gnoll.
The gnoll is heavily wounded.
You have got your breath back.
The gnoll hits you with a spear.
* * * LOW HITPOINT WARNING * * *
Unknown command.
You barely miss the gnoll.
The gnoll is heavily wounded.
Unknown command.
You hit the gnoll.
The gnoll is almost dead.
The gnoll hits you with a spear!
You die...

......o. .#.#.#.#.###...
...............
#.#.#.#.#.....# #
.....(........# #..
.#.#.#.#.#....# ....
..............# .....
#.#.#.#.#.#...####.....#
................@gg.....
.#.#.#.#.#.#.#####.....#
............## .....
#.#.#.#.#.#.# ...#
...........## ..#
.#.#.#.#.#.# .#
...........# #
#.#.#.#.#..######
................#


You could see 2 gnolls.

Vanquished Creatures
  A phantom (D:3)
  A gnoll shaman (D:4)
  Ijyb (D:2)
  Natasha (twice) (D:2)
  2 gnolls (D:4)
  5 adders
  2 worms (D:2)
  A dart slug (D:1)
  3 giant geckos
  An orc (D:3)
  A ball python (D:1)
  3 giant cockroaches
  7 goblins
  6 hobgoblins
  3 jackals (D:2)
  6 kobolds
  A quokka (D:2)
  10 bats
  A giant gecko skeleton (D:4)
  5 giant newts
  7 rats
69 creatures vanquished.

Notes
Turn   | Place    | Note
--------------------------------------------------------------
     0 | D:1      | Eucla the Naga Monk began the quest for the Orb.
     0 | D:1      | Reached XP level 1. HP: 21/21 MP: 1/1
   472 | D:1      | Reached XP level 2. HP: 27/28 MP: 2/2
   811 | D:2      | Reached skill level 5 in Unarmed Combat
   811 | D:2      | Reached XP level 3. HP: 16/34 MP: 3/3
  1496 | D:2      | Noticed Natasha
  1504 | D:2      | Killed Natasha
  1504 | D:2      | Reached XP level 4. HP: 27/42 MP: 4/4
  1728 | D:2      | Noticed Natasha
  1745 | D:2      | Killed Natasha
  1745 | D:2      | Reached skill level 6 in Unarmed Combat
  1880 | D:2      | Noticed Ijyb
  1897 | D:2      | Killed Ijyb
  1897 | D:2      | Reached XP level 5. HP: 18/49 MP: 3/5
  2329 | D:2      | Noticed Natasha
  3079 | D:3      | Noticed a phantom
  3120 | D:3      | Killed a phantom
  3120 | D:3      | Reached skill level 7 in Unarmed Combat
  3120 | D:3      | Reached XP level 6. HP: 47/56 MP: 6/6
  3421 | D:4      | Slain by a gnoll

Vault maps used:
D:1:      saegor_arrival_simple_f
D:2:      uniq_iyjb, uniq_natasha
D:3:      serial_glass, glass_columns_a, glass_columns_a
D:4:      nicolae_overflow_crystal_walls, hex_large

Skill      XL: |  1  2  3  4  5 |
---------------+----------------+-----
Unarmed Combat | 5 6 7 |  7.6
Fighting       | |  3.0
Dodging        | |  2.4
Stealth        | |  3.0

Action                   |  1- 3 |  4- 6 || total
-------------------------+-------+-------++-------
Melee: Unarmed           |    69 |   182 ||   251
 Abil: Spit Poison       |     4 |     7 ||    11
  Use: Potion            |       |     3 ||     3
 Stab: Sleeping          |     8 |     9 ||    17
  Eat: Chunk             |     1 |     5 ||     6
